TOP OF THE 1ST |
Aberdeen Ironbirds batting - Pitching for Lowell Spinners : LHP Rob Hymowitz
|
Pitching: LHP Rob Hymowitz
|
|
Batting: RHB Ryan Bentz
|
0-0: SINGLE (Line Drive, 5D, EV 107.5 MPH)
|
Batting: LHB Danny Schultz
|
0-0: Called Strike Ryan Bentz is caught stealing 2nd base 2-6 0-1: Ball 1-1: Ball 2-1: SINGLE (Line Drive, 78S, EV 101.2 MPH)
|
Batting: RHB Graham Calvert
|
0-0: Swinging Strike 0-1: Swinging Strike 0-2: Foul Ball, location: 2F 0-2: Ball 1-2: Grounds into double play, 6-4-3 (Groundball, 6S, EV 85.6 MPH)
|
Top of the 1st over - 0 runs, 2 hits, 0 errors, 0 left on base; Aberdeen 0 - Lowell 0 |
BOTTOM OF THE 1ST |
Lowell Spinners batting - Pitching for Aberdeen Ironbirds : LHP Jeff Glover
|
Pitching: LHP Jeff Glover
|
|
Batting: RHB Mike Rosa
|
0-0: Foul Ball, location: 2F 0-1: Ball 1-1: Called Strike 1-2: Strikes out swinging
|
Batting: LHB Javier Cajina
|
0-0: Ball 1-0: Called Strike 1-1: Ball 2-1: Ground out 6-3 (Groundball, 6, EV 85.0 MPH)
|
Batting: LHB Kien-lung Zou
|
0-0: Called Strike 0-1: Ball 1-1: Ball 2-1: Foul Ball, location: 2F 2-2: Ball 3-2: Strikes out looking
|
Bottom of the 1st over - 0 runs, 0 hits, 0 errors, 0 left on base; Aberdeen 0 - Lowell 0 |
TOP OF THE 2ND |
Aberdeen Ironbirds batting - Pitching for Lowell Spinners : LHP Rob Hymowitz
|
Batting: RHB Luis Roman
|
0-0: Foul Ball, location: 2F 0-1: Ball 1-1: Ball 2-1: Ball 3-1: Swinging Strike 3-2: Base on Balls
|
Batting: LHB Danny Moreno
|
0-0: Called Strike 0-1: Foul Ball, location: 2F 0-2: Fly out, F7 (Flyball, 78M, EV 91.9 MPH)
|
Batting: LHB Chris Cohen
|
0-0: Ball 1-0: Grounds into double play, 5-4-3 (Groundball, 56S, EV 81.2 MPH)
|
Top of the 2nd over - 0 runs, 0 hits, 0 errors, 0 left on base; Aberdeen 0 - Lowell 0 |
BOTTOM OF THE 2ND |
Lowell Spinners batting - Pitching for Aberdeen Ironbirds : LHP Jeff Glover
|
Batting: RHB Dominique Paolozzi
|
0-0: Ball 1-0: Foul Ball, location: 2F 1-1: Foul Ball, location: 2F 1-2: Foul Ball, location: 2F 1-2: Foul Ball, location: 2F 1-2: Ball 2-2: Ball 3-2: Ground out U3 (Groundball, 3, EV 87.5 MPH)
|
Batting: RHB Tony Gallegos
|
0-0: Ball 1-0: Called Strike 1-1: Ball 2-1: Reached on error, E6 (Groundball, 6, EV 104.4 MPH)
|
Batting: RHB Mike Strey
|
0-0: Ball 1-0: Ground out 4-3 (Groundball, 34D, EV 103.1 MPH) Tony Gallegos to second
|
Batting: RHB Jose Molina
|
0-0: Ball 1-0: Swinging Strike 1-1: Ball 2-1: SINGLE (Line Drive, 34D, EV 105.6 MPH) Tony Gallegos to third Runner from 3rd tries for Home, SAFE, throw by RF to home
|
Batting: RHB Joe Booth
|
0-0: Called Strike 0-1: Ground out 6-3 (Groundball, 6S, EV 69.4 MPH)
|
Bottom of the 2nd over - 1 run, 1 hit, 1 error, 1 left on base; Aberdeen 0 - Lowell 1 |
TOP OF THE 3RD |
Aberdeen Ironbirds batting - Pitching for Lowell Spinners : LHP Rob Hymowitz
|
Batting: RHB Tim Cleary
|
0-0: Called Strike 0-1: Ground out 4-3 (Groundball, 4, EV 86.2 MPH)
|
Batting: LHB Ivan Alvarez
|
0-0: Called Strike 0-1: SINGLE (Flyball, 5D, EV 92.5 MPH)
|
Batting: LHB Antonio Gutierrez
|
0-0: Called Strike 0-1: Ball 1-1: Ball 2-1: Foul Ball, location: 2F 2-2: Ball 3-2: Foul Ball, location: 2F 3-2: Strikes out looking Ivan Alvarez is caught stealing 2nd base 2-6 Batter strikes out.
|
Top of the 3rd over - 0 runs, 1 hit, 0 errors, 0 left on base; Aberdeen 0 - Lowell 1 |
BOTTOM OF THE 3RD |
Lowell Spinners batting - Pitching for Aberdeen Ironbirds : LHP Jeff Glover
|
Batting: RHB Roger Mitchell
|
0-0: Swinging Strike 0-1: Ball 1-1: Ball 2-1: Called Strike 2-2: Ground out 6-3 (Groundball, 6, EV 106.2 MPH)
|
Batting: RHB Mike Rosa
|
0-0: Ball 1-0: Ball 2-0: Ball 3-0: Called Strike 3-1: Base on Balls
|
Batting: LHB Javier Cajina
|
0-0: Fly out, F3 (Line Drive, 3L, EV 68.8 MPH)
|
Batting: LHB Kien-lung Zou
|
0-0: Called Strike 0-1: Foul Ball, location: 2F 0-2: Ball 1-2: Foul Ball, location: 2F 1-2: Ball 2-2: Ball 3-2: Foul Ball, location: 2F 3-2: Foul Ball, location: 2F 3-2: SINGLE (Groundball, 4M, EV 101.2 MPH) (infield hit) Mike Rosa to second
|
Batting: RHB Dominique Paolozzi
|
0-0: Ball 1-0: Foul Ball, location: 2F 1-1: Fly out, F3 (Flyball, 3D, EV 90.0 MPH)
|
Bottom of the 3rd over - 0 runs, 1 hit, 0 errors, 2 left on base; Aberdeen 0 - Lowell 1 |
TOP OF THE 4TH |
Aberdeen Ironbirds batting - Pitching for Lowell Spinners : LHP Rob Hymowitz
|
Batting: RHB Ryan Bentz
|
0-0: Called Strike 0-1: Ball 1-1: Swinging Strike 1-2: Ground out 5-3 (Groundball, 56S, EV 89.4 MPH)
|
Batting: LHB Danny Schultz
|
0-0: Ball 1-0: Called Strike 1-1: Ball 2-1: Called Strike 2-2: SINGLE (Groundball, 5S, EV 71.9 MPH) (infield hit)
|
Batting: RHB Graham Calvert
|
0-0: Foul Ball, location: 2F 0-1: Called Strike 0-2: Strikes out looking
|
Batting: RHB Luis Roman
|
0-0: Ball Passed Ball! Danny Schultz to second 1-0: Called Strike 1-1: Ground out 3-1 (Groundball, 34, EV 88.8 MPH)
|
Top of the 4th over - 0 runs, 1 hit, 0 errors, 1 left on base; Aberdeen 0 - Lowell 1 |
BOTTOM OF THE 4TH |
Lowell Spinners batting - Pitching for Aberdeen Ironbirds : LHP Jeff Glover
|
Batting: RHB Tony Gallegos
|
0-0: Ball 1-0: Called Strike 1-1: Ball 2-1: Ball 3-1: Base on Balls
|
Batting: RHB Mike Strey
|
0-0: Ball 1-0: Ball 2-0: Called Strike 2-1: Foul Ball, location: 2F 2-2: Ball 3-2: Base on Balls Tony Gallegos to second
|
Batting: RHB Jose Molina
|
0-0: Called Strike 0-1: Ball 1-1: Ball 2-1: Ball 3-1: Foul Ball, location: 2F 3-2: Fly out, F9 (Flyball, 9, EV 88.8 MPH)
|
Batting: RHB Joe Booth
|
0-0: Fielders Choice at 2nd, 4-6 (Groundball, 34, EV 83.8 MPH) Tony Gallegos to third
|
Batting: RHB Roger Mitchell
|
0-0: Fly out, F8 (Flyball, 8LD, EV 92.5 MPH)
|
Bottom of the 4th over - 0 runs, 0 hits, 0 errors, 2 left on base; Aberdeen 0 - Lowell 1 |
TOP OF THE 5TH |
Aberdeen Ironbirds batting - Pitching for Lowell Spinners : LHP Rob Hymowitz
|
Batting: LHB Danny Moreno
|
0-0: Ball 1-0: Called Strike 1-1: Called Strike 1-2: Foul Ball, location: 2F 1-2: Hit by Pitch
|
Batting: LHB Chris Cohen
|
0-0: Called Strike 0-1: Swinging Strike 0-2: Ball 1-2: Strikes out swinging
|
Batting: RHB Tim Cleary
|
0-0: Ball 1-0: Ball 2-0: Called Strike 2-1: Grounds out, U3 (Groundball, 3L, EV 110.0 MPH)
|
Batting: LHB Ivan Alvarez
|
0-0: Called Strike 0-1: Swinging Strike 0-2: Strikes out swinging
|
Top of the 5th over - 0 runs, 0 hits, 0 errors, 1 left on base; Aberdeen 0 - Lowell 1 |
BOTTOM OF THE 5TH |
Lowell Spinners batting - Pitching for Aberdeen Ironbirds : LHP Jeff Glover
|
Batting: RHB Mike Rosa
|
0-0: DOUBLE (Line Drive, 89D, EV 108.8 MPH)
|
Batting: LHB Javier Cajina
|
0-0: Ball 1-0: Ball 2-0: Ball 3-0: Called Strike 3-1: Foul Ball, location: 2F 3-2: Base on Balls
|
Batting: LHB Kien-lung Zou
|
0-0: Called Strike 0-1: Called Strike 0-2: Ball 1-2: Grounds into double play, 4-6-3 (Groundball, 4S, EV 76.9 MPH) Mike Rosa to third
|
Batting: RHB Dominique Paolozzi
|
0-0: Ball 1-0: Ball 2-0: Fly out, F7 (Flyball, 7D, EV 95.6 MPH)
|
Bottom of the 5th over - 0 runs, 1 hit, 0 errors, 1 left on base; Aberdeen 0 - Lowell 1 |
TOP OF THE 6TH |
Aberdeen Ironbirds batting - Pitching for Lowell Spinners : LHP Rob Hymowitz
|
Batting: LHB Antonio Gutierrez
|
0-0: Ball 1-0: Called Strike 1-1: Ball 2-1: Ball 3-1: Ground out U3 (Groundball, 3, EV 104.4 MPH)
|
Batting: RHB Ryan Bentz
|
0-0: Ball 1-0: Swinging Strike 1-1: Ball 2-1: Ball 3-1: Foul Ball, location: 2F 3-2: Strikes out swinging
|
Batting: LHB Danny Schultz
|
0-0: Ball 1-0: Ground out 6-3 (Groundball, 6, EV 81.9 MPH)
|
Top of the 6th over - 0 runs, 0 hits, 0 errors, 0 left on base; Aberdeen 0 - Lowell 1 |
BOTTOM OF THE 6TH |
Lowell Spinners batting - Pitching for Aberdeen Ironbirds : LHP Jeff Glover
|
Batting: RHB Tony Gallegos
|
0-0: Swinging Strike 0-1: Ball 1-1: Swinging Strike 1-2: Strikes out swinging
|
Batting: RHB Mike Strey
|
0-0: Foul Ball, location: 2F 0-1: Swinging Strike 0-2: Strikes out swinging
|
Batting: RHB Jose Molina
|
0-0: Ball 1-0: Called Strike 1-1: Ball 2-1: Ball 3-1: Base on Balls
|
Batting: RHB Joe Booth
|
0-0: Called Strike 0-1: Ground out 4-3 (Groundball, 34, EV 102.5 MPH)
|
Bottom of the 6th over - 0 runs, 0 hits, 0 errors, 1 left on base; Aberdeen 0 - Lowell 1 |
TOP OF THE 7TH |
Aberdeen Ironbirds batting - Pitching for Lowell Spinners : LHP Rob Hymowitz
|
Batting: RHB Graham Calvert
|
0-0: Foul Ball, location: 2F 0-1: Called Strike 0-2: Strikes out swinging
|
Batting: RHB Luis Roman
|
0-0: Ball 1-0: Foul Ball, location: 2F 1-1: Called Strike 1-2: Ball 2-2: SINGLE (Groundball, 34D, EV 99.4 MPH)
|
Batting: RHB Chris McGuirk
|
Pickoff Throw to First - Out! 1-3 CS 0-0: Ball 1-0: Ball 2-0: Foul Ball, location: 2F 2-1: Foul Ball, location: 2F 2-2: Ball 3-2: Ground out 6-3 (Groundball, 6, EV 80.6 MPH)
|
Top of the 7th over - 0 runs, 1 hit, 0 errors, 0 left on base; Aberdeen 0 - Lowell 1 |
BOTTOM OF THE 7TH |
Lowell Spinners batting - Pitching for Aberdeen Ironbirds : LHP Jeff Glover
|
Pitching: RHP Justin Swanson
|
|
Batting: RHB Roger Mitchell
|
0-0: Ball 1-0: Ball 2-0: Swinging Strike 2-1: Foul Ball, location: 2F 2-2: Ball 3-2: Fly out, F9 (Flyball, 9, EV 79.4 MPH)
|
Batting: RHB Mike Rosa
|
0-0: Ball 1-0: Ground out 3-1 (Groundball, 34, EV 103.8 MPH)
|
Batting: LHB Javier Cajina
|
0-0: Swinging Strike 0-1: Swinging Strike 0-2: Ball 1-2: Strikes out swinging
|
Bottom of the 7th over - 0 runs, 0 hits, 0 errors, 0 left on base; Aberdeen 0 - Lowell 1 |
TOP OF THE 8TH |
Aberdeen Ironbirds batting - Pitching for Lowell Spinners : LHP Rob Hymowitz
|
Pitching: LHP Ken Berger
|
|
Batting: LHB Chris Cohen
|
0-0: Ground out 4-3 (Groundball, 34D, EV 102.5 MPH)
|
Batting: RHB Tim Cleary
|
0-0: Ball 1-0: Ball 2-0: SINGLE (Groundball, 4M, EV 103.1 MPH) (infield hit)
|
Batting: LHB Ivan Alvarez
|
0-0: Sac Bunt to 3S - play at first, batter OUT! 3-4 Tim Cleary to second
|
Pinch Hitting: LHB Chris Barrera
|
0-0: Called Strike 0-1: Ground out 6-3 (Groundball, 6, EV 79.4 MPH)
|
Top of the 8th over - 0 runs, 1 hit, 0 errors, 1 left on base; Aberdeen 0 - Lowell 1 |
BOTTOM OF THE 8TH |
Lowell Spinners batting - Pitching for Aberdeen Ironbirds : RHP Justin Swanson
|
Now in LF: Chris Barrera
|
|
Now in CF: Ryan Bentz
|
|
Batting: LHB Kien-lung Zou
|
0-0: Fly out, F8 (Flyball, 89D, EV 88.1 MPH)
|
Batting: RHB Dominique Paolozzi
|
0-0: Ball 1-0: DOUBLE (Line Drive, 7LM, EV 110.0 MPH)
|
Batting: RHB Tony Gallegos
|
0-0: Intentional Walk
|
Pinch Runner at 2nd Nelis Geurts:
|
|
Batting: RHB Mike Strey
|
0-0: Fly out, F8 (Line Drive, 89M, EV 96.9 MPH)
|
Batting: RHB Jose Molina
|
0-0: Ball 1-0: Called Strike 1-1: Ball 2-1: Ball 3-1: Called Strike 3-2: Strikes out swinging
|
Bottom of the 8th over - 0 runs, 1 hit, 0 errors, 2 left on base; Aberdeen 0 - Lowell 1 |
TOP OF THE 9TH |
Aberdeen Ironbirds batting - Pitching for Lowell Spinners : LHP Ken Berger
|
Pitching: RHP Austin O'Connor
|
|
Batting: RHB Ryan Bentz
|
0-0: Ball 1-0: SINGLE (Groundball, 6MD, EV 109.4 MPH)
|
Batting: LHB Danny Schultz
|
0-0: Swinging Strike 0-1: Swinging Strike 0-2: Strikes out swinging
|
Batting: RHB Graham Calvert
|
0-0: Ball 1-0: Ball 2-0: Ball 3-0: Called Strike 3-1: Swinging Strike 3-2: Strikes out swinging
|
Batting: RHB Luis Roman
|
0-0: Fly out, F8 (Flyball, 8LD, EV 96.2 MPH)
|
Top of the 9th over - 0 runs, 1 hit, 0 errors, 1 left on base; Aberdeen 0 - Lowell 1 |
|